 Dungeon Crawl Stone Soup version 0.31-a0-977-gc230f8ef24 (webtiles) character file.

Game seed: 1753006287975670807

23111 Spaninq the Carver (level 13, -1/117 HPs)
             Began as a Hill Orc Cinder Acolyte on Oct 29, 2023.
             Was a High Priest of Ignis.
             Slain by a death yak (7 damage)
             ... led by a torpor snail
             ... while petrified
             ... on level 4 of the Lair of Beasts.
             The game lasted 00:58:04 (18754 turns).

Spaninq the Carver (Hill Orc Cinder Acolyte)       Turns: 18754, Time: 00:58:05

Health: -1/117     AC: 14    Str: 24    XL:     13   Next: 4%
Magic:  21/23      EV:  2    Int: 18    God:    Ignis [*****.]
Gold:   982        SH:  0    Dex: 11    Spells: 23/26 levels left

rFire   + + +        n - +10 falchion "Niffext" {heavy, +Blink Str+6 Dex+2}
rCold   . . .        q - +1 buckler
rNeg    + + +        P - +2 troll leather armour {Snorg}
rPois   ∞            f - +2 helmet
rElec   .            F - scarf {rC+ rF+}
rCorr   +            i - +2 pair of gloves
SInv    .            D - +0 pair of boots
Will    .....        y - amulet of reflection
Stlth   +            j - ring of Rashru {Fire rN+ Dex+3}
HPRegen 1.19/turn    w - ring of resist corrosion
MPRegen 0.18/turn

%: reflection
@: petrified, studying Spellcasting
A: no striking features
a: Renounce Religion, Evoke Blink, Fiery Armour, Foxfire Swarm, Rising Flame


You were on level 4 of the Lair of Beasts.
You worshipped Ignis.
Ignis was extremely pleased with you.
You visited 3 branches of the dungeon, and saw 16 of its levels.
You also visited: Sewer.

You collected 982 gold pieces.

Inventory:

Hand Weapons
 a - a +1 hand axe of flaming
 n - the +10 falchion "Niffext" (weapon) {heavy, +Blink Str+6 Dex+2}
   (You found it on level 4 of the Dungeon)

   Str+6:     It affects your strength (+6).
   Dex+2:     It affects your dexterity (+2).
   +Blink:    It lets you blink.
Missiles
 r - a throwing net
Armour
 b - a +0 plate armour
 f - a +2 helmet (worn)
 i - a +2 pair of gloves (worn)
 q - a +1 buckler (worn)
 D - a +0 pair of boots (worn)
 F - a scarf of resistance (worn)
 P - a +2 troll leather armour (worn) {Snorg}
Jewellery
 e - a ring of positive energy
 j - the ring of Rashru (left hand) {Fire rN+ Dex+3}
   (You found it on level 4 of the Dungeon)

   [ring of fire]

   Fire:      It enhances your fire magic.
   Dex+3:     It affects your dexterity (+3).
   rF+:       It protects you from fire.
   rC-:       It makes you vulnerable to cold.
   rN+:       It protects you from negative energy.
 k - a +6 ring of dexterity
 w - a ring of resist corrosion (right hand)
 y - an amulet of reflection (around neck)
 z - an amulet of magic regeneration
Wands
 d - a wand of flame (33)
 p - a wand of iceblast (23)
 B - a wand of charming (3)
 C - a wand of quicksilver (4)
Scrolls
 h - 3 scrolls of teleportation
 m - 2 scrolls of poison
 o - 3 scrolls of revelation
 t - a scroll of fear
 G - 2 scrolls of fog
 I - a scroll of butterflies {unknown}
 K - a scroll of amnesia
 M - 2 scrolls of identify
 N - a scroll of enchant armour
Potions
 c - 9 potions of curing
 g - 2 potions of brilliance
 l - 5 potions of might
 s - a potion of magic
 u - 4 potions of enlightenment
 v - 5 potions of heal wounds
 x - 3 potions of mutation
 A - 2 potions of cancellation {unknown}
 E - 2 potions of resistance {unknown}
 J - a potion of lignification {unknown}
 L - a potion of degeneration {unknown}
 O - a potion of invisibility {unknown}


   Skills:
 + Level 11.9 Fighting
 * Level 13.2 Long Blades
 - Level 4.0 Axes
 + Level 8.7 Armour
 + Level 6.4 Dodging
 - Level 5.0 Shields
 + Level 7.3 Spellcasting
 - Level 7.0 Fire Magic


You had 23 spell levels left.
You knew the following spells:

 Your Spells              Type           Power      Damage    Failure   Level
a - Scorch                Fire           96%        2d9       1%          2
b - Apportation           Tloc           12%        N/A       14%         1

Your spell library contained the following spells:

 Spells                   Type           Power      Damage    Failure   Level
 Inner Flame              Hex/Fire       28%        N/A       10%         3
 Freeze                   Ice            24%        1d4       14%         1
 Kiss of Death            Conj/Necr      24%        2d7       14%         1
 Necrotise                Necr           24%        1d5       14%         1
 Ignite Poison            Fire/Tmut/Pois 22%        N/A       16%         3
 Call Imp                 Summ           12%        N/A       22%         2
 Cigotuvi's Dreadful Rot  Necr/Pois/Air  12%        N/A       22%         2
 Jinxbite                 Hex            12%        N/A       22%         2
 Static Discharge         Conj/Air       12%        3-4/arc   22%         2
 Call Canine Familiar     Summ           6%         N/A       38%         3
 Confusing Touch          Hex            6%         N/A       38%         3
 Frozen Ramparts          Ice            12%        1d2       38%         3
 Gell's Gravitas          Tloc           6%         N/A       38%         3
 Hailstorm                Conj/Ice       6%         3d4       38%         3
 Teleport Other           Tloc           6%         N/A       38%         3
 Tukima's Dance           Hex            6%         N/A       38%         3
 Vampiric Draining        Necr           6%         2d6       38%         3
 Airstrike                Air            3%         2d(1-17)  80%         4
 Anguish                  Hex/Necr       3%         N/A       80%         4
 Animate Dead             Necr           6%         N/A       80%         4
 Cause Fear               Hex            3%         N/A       80%         4
 Dimensional Bullseye     Hex/Tloc       3%         N/A       80%         4
 Dispel Undead            Necr           6%         3d8       80%         4
 Iskenderun's Mystic Bla  Conj/Tloc      6%         2d4       80%         4
 Summon Lightning Spire   Summ/Air       6%         N/A       80%         4
 Agony                    Necr           6%         N/A       98%         5
 Alistair's Intoxication  Tmut/Pois      4%         N/A       98%         5
 Borgnjor's Vile Clutch   Necr/Erth      3%         N/A       98%         5
 Freezing Cloud           Conj/Ice/Air   3%         6-21      98%         5
 Death Channel            Necr           3%         N/A       100%        6
 Dispersal                Tloc           3%         N/A       100%        6
 Enfeeble                 Hex            3%         N/A       100%        7


Dungeon Overview and Level Annotations

Branches:
Dungeon (11/15)            Temple (1/1) D:4            Lair (4/5) D:9
  Swamp (0/4) Lair:3        Snake (0/4) Lair:3        Slime (0/5) Lair:4
    Orc (0/2) D:11          Sewer (visited)

Altars:
Ashenzari
Cheibriados
Dithmenos
Elyvilon
Fedhas
Gozag
Hepliaklqana
Kikubaaqudgha
Makhleb
Nemelex Xobeh
Okawaru
Qazlal
Ru
Sif Muna
Trog
Uskayaw
Vehumet
Wu Jian
Xom
Yredelemnul
Zin
The Shining One
Beogh
Jiyva

Shops:
D:7 (   D:10 !:

Portals:
Trove: D:10 (give +4 storm dragon scales)

Annotations:
D:5 1 runed translucent door, Xavori's ghost, novice DjCK


Message History

You slice the catoblepas!!
The catoblepas is almost dead.
The death yak is engulfed in calcifying dust.
The catoblepas breathes a plume of calcifying dust at you.
The blast of calcifying dust hits you.
* * * LOW HITPOINT WARNING * * *
The catoblepas breathes a plume of calcifying dust at you.
The blast of calcifying dust hits you but does no damage.
The catoblepas attacks as it pursues you!
The catoblepas barely misses you.
You slash the catoblepas!
You kill the catoblepas!
You are engulfed in calcifying dust.
You are slowing down.
The death yak is no longer petrified.
The catoblepas breathes a plume of calcifying dust at you.
The blast of calcifying dust hits you.
* * * LOW HITPOINT WARNING * * *
You feel much better.
You are engulfed in calcifying dust.
The death yak is engulfed in calcifying dust.
The death yak is moving more slowly.
The catoblepas gores you.
Your limbs are stiffening.
You hit the catoblepas.
The catoblepas is lightly wounded.
You are engulfed in calcifying dust.
You block the death yak's attack. You block the catoblepas's attack.
You block the death yak's attack. The catoblepas gores you!!
You have turned to stone.
You are engulfed in calcifying dust.
The death yak gores you!!
* * * LOW HITPOINT WARNING * * *
The catoblepas gores you!
* * * LOW HITPOINT WARNING * * *
You are engulfed in calcifying dust.
The death yak gores you but does no damage.
The catoblepas gores you!
* * * LOW HITPOINT WARNING * * *
The death yak gores you but does no damage.
The catoblepas gores you!!
* * * LOW HITPOINT WARNING * * *
The death yak gores you!
You die...

............P.≈≈#≈≈≈≈.##
...........##.≈≈§≈≈≈≈.#
#.##........#.........#
......................##
.......................#
.....................[.#
......................##
......................##
..÷............Y@......#
......<.........Y......#
......>...............##
...#.................##
....................##
..Y.................#########
...Y§...............#.##.##P#
..P~........................#
~~~~#....P..........##.##.#.#


You could see a death yak (petrifying) and a catoblepas.

Vanquished Creatures
  Snorg (Lair:4)
  A catoblepas (Lair:4)
  A hydra (Lair:3)
  A two-headed ogre (D:11)
  11 elephants
  An ugly thing (D:11)
  2 black mambas
  8 cane toads
  A komodo dragon (Lair:1)
  A rime drake (Lair:2)
  A hornet (D:11)
  Prince Ribbit (D:6)
  15 blink frogs
  A slime creature (Lair:4)
  2 shadows
  8 yaks
  A vampire (D:11)
  3 wyverns
  2 basilisks (Lair:2)
  A fire elemental (Lair:4)
  15 water moccasins
  A sky beast (D:7)
  2 black bears (D:6)
  5 ice beasts
  4 orc warriors
  4 centaurs
  3 phantoms (D:6)
  A kobold brigand (D:9)
  16 bullfrogs
  A gnoll sergeant (D:10)
  5 scorpions
  5 wights (D:10)
  5 killer bees (D:8)
  4 electric eels (Lair:2)
  6 jellies
  2 bullfrog zombies (D:5)
  11 hounds
  7 orc priests
  2 gnoll boudas
  3 iguanas
  Ijyb (D:4)
  4 sleepcaps
  Jessica (D:3)
  10 orc wizards
  6 hell rats (Lair:1)
  Robin (D:2)
  12 gnolls
  21 adders
  A shadow imp (D:6)
  2 ufetubi (D:6)
  6 worms
  4 dart slugs
  32 orcs
  6 bats
  12 endoplasms
  4 giant cockroaches
  25 goblins
  19 hobgoblins
  10 jackals
  16 kobolds
  3 quokkas
  6 ball pythons
  6 frilled lizards
  10 rats
383 creatures vanquished.

Notes
Turn   | Place    | Note
-------+----------+-------------------------------------------
     0 | D:1      | Spaninq the Hill Orc Cinder Acolyte began the quest for the
                  | Orb.
     0 | D:1      | Reached XP level 1. HP: 19/19 MP: 2/2
   113 | D:1      | Reached XP level 2. HP: 24/27 MP: 3/3
   464 | D:1      | Reached XP level 3. HP: 30/33 MP: 4/4
   528 | D:1      | Learned a level 2 spell: Scorch
  1265 | D:2      | Noticed Robin
  1384 | D:2      | Reached XP level 4. HP: 39/40 MP: 0/6
  1385 | D:2      | Killed Robin
  2512 | D:3      | Reached XP level 5. HP: 47/47 MP: 4/7
  2524 | D:3      | Reached skill level 5 in Fire Magic
  2568 | D:3      | Found a glowing drain.
  2578 | Sewer    | Entered a sewer
  3215 | D:3      | Found a sparkling altar of Nemelex Xobeh.
  3231 | D:3      | Reached XP level 6. HP: 55/55 MP: 9/9
  3250 | D:3      | Reached skill level 5 in Fighting
  3524 | D:3      | Learned a level 1 spell: Apportation
  3606 | D:3      | Found a faded altar of an unknown god.
  3725 | D:3      | Noticed Jessica
  3731 | D:3      | Killed Jessica
  3736 | D:3      | Found a shimmering blue altar of Sif Muna.
  3957 | D:3      | Found an ancient bone altar of Kikubaaqudgha.
  3981 | D:3      | Found a blossoming altar of Fedhas.
  4236 | D:4      | Identified the ring of Rashru {Fire rN+ Dex+3}
  4344 | D:4      | Found a hide-covered altar of Uskayaw.
  4353 | D:4      | Found a staircase to the Ecumenical Temple.
  4359 | Temple   | Entered the Ecumenical Temple
  4549 | D:4      | Identified the +10 falchion "Niffext" {heavy, +Blink Str+6
                  | Dex+2}
  4911 | D:4      | Noticed Ijyb
  4965 | D:4      | Killed Ijyb
  5085 | D:4      | Reached XP level 7. HP: 61/61 MP: 5/11
  6177 | D:5      | Entered Level 5 of the Dungeon
  6195 | D:4      | Reached skill level 1 in Long Blades
  6198 | D:4      | Reached skill level 1 in Shields
  6468 | D:5      | Found a runed translucent door.
  6468 | D:5      | Noticed Xavori's ghost (novice DjCK)
  6476 | D:5      | Found a radiant altar of Vehumet.
  6509 | D:5      | Found a shimmering altar of Xom.
  6576 | D:5      | Reached skill level 2 in Long Blades
  6580 | D:5      | Reached XP level 8. HP: 57/71 MP: 3/12
  6654 | D:5      | Found an iron altar of Okawaru.
  6656 | D:5      | Found a hazy altar of Hepliaklqana.
  6659 | D:5      | Found a broken altar of Ashenzari.
  6774 | D:5      | Reached skill level 3 in Long Blades
  6831 | D:5      | Found a basalt altar of Yredelemnul.
  7155 | D:5      | Reached skill level 4 in Long Blades
  7490 | D:6      | Identified the "Efaisup"
  7864 | D:6      | Identified the +10 rapier "Ewor" {heavy, +Blink rC+ Int-4
                  | Dex+5}
  7911 | D:6      | Reached skill level 5 in Long Blades
  7911 | D:6      | Reached skill level 5 in Shields
  7911 | D:6      | Reached XP level 9. HP: 79/79 MP: 13/13
  7969 | D:6      | Reached skill level 1 in Armour
  8075 | D:6      | Reached skill level 1 in Dodging
  8167 | D:6      | Reached skill level 6 in Long Blades
  8762 | D:6      | Noticed Prince Ribbit
  8767 | D:6      | Killed Prince Ribbit
  9006 | D:6      | Reached skill level 7 in Long Blades
  9144 | D:6      | Found an opulent altar of Gozag.
  9510 | D:7      | Reached XP level 10. HP: 90/90 MP: 4/14
  9632 | D:7      | Found Tema Wiu's Firing Range.
  9946 | D:7      | Reached skill level 8 in Long Blades
 11581 | D:9      | Found a staircase to the Lair.
 11930 | D:10     | Entered Level 10 of the Dungeon
 11943 | D:10     | Reached skill level 9 in Long Blades
 12097 | D:10     | Reached skill level 5 in Armour
 12249 | D:10     | Found Irhireqa's Distillery.
 12424 | D:10     | Found Weige's Tiny Tomes.
 12607 | D:10     | Found a portal to a secret trove of treasure.
 12626 | D:11     | Identified a scroll of acquirement
 12626 | D:11     | Acquired a manual of Spellcasting
 12785 | D:11     | Found a staircase to the Orcish Mines.
 12790 | D:11     | Found a roughly hewn altar of Beogh.
 12905 | D:11     | Noticed a cyan ugly thing
 13071 | D:11     | Killed a cyan ugly thing
 13218 | D:11     | Noticed a two-headed ogre
 13276 | D:11     | Reached XP level 11. HP: 21/99 MP: 8/16
 13529 | D:11     | Killed a two-headed ogre
 13530 | D:11     | Reached skill level 10 in Long Blades
 13644 | D:11     | Reached skill level 10 in Fighting
 13820 | D:11     | Found a glowing golden altar of the Shining One.
 14009 | D:14     | Identified the "Noqeman"
 14009 | Lair:1   | Entered Level 1 of the Lair of Beasts
 14561 | Lair:1   | Reached skill level 5 in Spellcasting
 14593 | Lair:1   | Reached skill level 11 in Long Blades
 14593 | Lair:1   | Reached skill level 5 in Dodging
 15217 | Lair:1   | Reached XP level 12. HP: 90/108 MP: 20/20
 16007 | Lair:2   | Reached skill level 12 in Long Blades
 16641 | Lair:2   | Noticed a catoblepas
 17453 | Lair:3   | Noticed a seven-headed hydra
 17502 | Lair:3   | Found a staircase to the Snake Pit.
 17636 | Lair:3   | Found a staircase to the Swamp.
 18133 | Lair:3   | Found a staircase to the Snake Pit.
 18202 | Lair:3   | Killed a one-headed hydra
 18364 | Lair:4   | Reached skill level 13 in Long Blades
 18444 | Lair:4   | Noticed a catoblepas
 18449 | Lair:4   | Noticed a death yak
 18453 | Lair:4   | Found a viscous altar of Jiyva.
 18453 | Lair:4   | Found a staircase to the Slime Pits.
 18573 | Lair:4   | Noticed Snorg
 18583 | Lair:4   | Killed Snorg
 18584 | Lair:4   | Reached XP level 13. HP: 116/117 MP: 7/23
 18753 | Lair:4   | HP: 5/117 [catoblepas (14)]
 18754 | Lair:4   | Slain by a death yak

Illustrated notes

Levels and vault maps discovered:
D:1:      tarquinn_simple_flora_water_a, layout_basic
D:2:      layout_basic, uniq_robin
D:3:      layout_loops_ring, tgw_sif, nemelex_xobeh_ov_fountains_minmay,
          nicolae_overflow_ecumenical_swirl, mainiacjoe_overflow_tiny_flanked,
          gup_sewer_entry_spiral
D:4:      minmay_razor_zed, layout_layer_cave, kennysheep_mini, temple_green,
          nicolae_goblin_pals
D:5:      minmay_spotlight, layout_rooms, lemuel_zombie_altar_yredelemnul,
          mainiacjoe_overflow_brackets, grunt_temple_overflow_open,
          general_overflow_altar, ebering_ghost_reflecting_pool
D:6:      minmay_thinvault, layout_loops_corners,
          nicolae_gozag_cash_rules_everything_around_me, uniq_prince_ribbit1
D:7:      layout_rooms, nicolae_shop_firing_range
D:8:      layout_basic
D:9:      layout_roguey, lair_entry_dummy
D:10:     layout_rooms, serial_shops, shop, enter_trove_2,
          nicolae_shop_i_like_small_books_too
D:11:     layout_small_grid, minmay_orc_entry_temple_small, tso_oasis_becter
Temple:   nicolae_temple_two_arcs
Lair:1:   layout_loops_ring, grunt_megastairs_3
Lair:2:   layout_hall_layers, serial_forest, infiniplex_forest_end_3,
          infiniplex_forest_zigzag_1, infiniplex_forest_clump_diagonal,
          infiniplex_forest_lined_room_, infiniplex_forest_end_3,
          infiniplex_forest_clump_small, infiniplex_forest_end_double,
          minmay_holes, disabler_island
Lair:3:   layout_small_grid, swamp_mist, dummy_snake_entry
Lair:4:   layout_gridlike, minmay_slime_entry_pillars, serial_bayou_shore_a,
          uniq_snorg

Skill      XL: |  1  2  3  4  5  6  7  8  9 10 11 12 |
---------------+-------------------------------------+-----
Fighting       | 4 5 6 7 8 9 10 11 | 11.9
Fire Magic     | 4 5 6 7 |  7.0
Spellcasting   | 2 3 5 7 |  7.3
Long Blades    | 2 5 7 9 11 13 | 13.2
Shields        | 2 5 |  5.0
Armour         | 3 5 7 8 |  8.7
Dodging        | 2 4 5 6 |  6.4
Axes           | |  4.0

Action                     |  1- 3 |  4- 6 |  7- 9 | 10-12 | 13-15 || total
---------------------------+-------+-------+-------+-------+-------++-------
  Melee: Hand axe          |    95 |    92 |       |    10 |       ||   197
         Falchion          |       |    16 |    95 |   407 |    10 ||   528
         Punch             |       |     1 |     1 |       |       ||     2
   Cast: Scorch            |    18 |    79 |   123 |   173 |     3 ||   396
  Evoke: Wand              |       |       |       |     5 |       ||     5
    Use: Scroll            |       |     7 |     8 |    10 |       ||    25
         Potion            |       |       |     1 |     1 |     1 ||     3
 Armour: Robe              |    47 |    76 |   127 |     2 |       ||   252
         Scale mail        |       |       |       |    59 |       ||    59
         Chain mail        |       |       |       |   327 |       ||   327
         Troll leather arm |       |       |       |       |    27 ||    27
  Dodge: Dodged            |    58 |    69 |    98 |   169 |     2 ||   396
  Block: Buckler           |       |       |    36 |   265 |     7 ||   308
         Reflection        |       |       |     1 |     8 |       ||     9

Table legend: (Time is in decaauts)
 A = Elapsed time spent in this place.
 B = Non-inter-level travel time spent in this place.
 C = Inter-level travel time spent in this place.
 D = Time resting spent in this place.
 E = Time spent auto-exploring this place.
 F = Levels seen in this place.
 G = Mean time per level.
                   A        B        C        D        E       F      G
               +--------+--------+--------+--------+--------+-----+--------+
         Total |  19025 |  18342 |    683 |   2023 |  12573 |  17 | 1119.1 |
       Dungeon |  13901 |  13320 |    581 |   1370 |   9289 |  11 | 1263.7 |
        Temple |     17 |     17 |      0 |      0 |      0 |   1 |   17.0 |
          Lair |   4601 |   4499 |    102 |    570 |   3003 |   4 | 1150.2 |
         Sewer |    504 |    504 |      0 |     83 |    280 |   1 |  504.0 |
               +--------+--------+--------+--------+--------+-----+--------+

Top non-repeatable levels by time:
     D:4: 2213 daAuts
     D:6: 1958 daAuts
  Lair:1: 1761 daAuts
     D:3: 1345 daAuts
     D:2: 1284 daAuts
  Lair:3: 1184 daAuts
     D:1: 1181 daAuts
  Lair:2: 1170 daAuts
     D:9: 1166 daAuts
    D:11: 1164 daAuts
     D:5: 1116 daAuts
    D:10: 883 daAuts
     D:8: 863 daAuts
     D:7: 723 daAuts
   Sewer: 504 daAuts
